 Dungeon Crawl Stone Soup version 0.27.1 (webtiles) character file.

Game seed: 4264098189620427753

107 acemry the Shooter (level 4, -9/26 HPs)
             Began as a Deep Elf Hunter on Sept 4, 2021.
             Mangled by Terence (11 damage)
             ... on level 2 of the Dungeon.
             The game lasted 00:04:39 (1512 turns).

acemry the Shooter (Deep Elf Hunter)                Turns: 1512, Time: 00:04:40

Health: -9/26      AC:  3    Str:  9    XL:     4   Next: 56%
Magic:  6/6        EV: 12    Int: 16    God:
Gold:   75         SH:  0    Dex: 16    Spells: 3/3 levels left

rFire    . . .     SeeInvis .   a - +1 shortbow
rCold    . . .     Faith    .   (shield currently unavailable)
rNeg     . . .     Spirit   .   c - +0 leather armour
rPois    .         Reflect  .   (no helmet)
rElec    .         Harm     .   (no cloak)
rCorr    +         Rampage  .   (no gloves)
Will     .....                  (no boots)
Stlth    ++........             (no amulet)
HPRegen  0.08/turn              g - ring of resist corrosion
MPRegen  0.10/turn              (no ring)

@: attractive
A: no striking features
a: no special abilities


You were on level 2 of the Dungeon.
You visited 1 branch of the dungeon, and saw 2 of its levels.

You collected 75 gold pieces.

Inventory:

Hand Weapons
 a - a +1 shortbow (weapon)
 b - a +0 short sword
Missiles
 d - 29 arrows (quivered ammo)
Armour
 c - a +0 leather armour (worn)
Jewellery
 g - a ring of resist corrosion (left hand)


   Skills:
 - Level 1.8 Fighting
 * Level 7.7 Bows
 - Level 0.6 Armour
 - Level 2.4 Dodging
 - Level 1.2 Stealth


You had 3 spell levels left.
You didn't know any spells.
Your spell library was empty.

Dungeon Overview and Level Annotations

Branches:
Dungeon (2/15)

Altars:
Zin

Annotations:
D:2 Terence


Message History

Terence closely misses you.
You shoot an arrow. The arrow barely misses Terence.
The arrow hits the endoplasm.
The endoplasm is lightly wounded.
Terence hits you with a +0 flail.
You shoot an arrow. The arrow hits Terence.
Terence is moderately wounded.
Terence barely misses you.
You shoot an arrow. The arrow hits Terence.
Terence is heavily wounded.
Terence hits you with a +0 flail.
You shoot an arrow.
The arrow hits Terence but does no damage.
Terence is heavily wounded.
You shoot an arrow. The arrow hits Terence.
Terence is heavily wounded.
Terence hits you with a +0 flail!
You are too injured to fight recklessly!
You are too injured to fight recklessly!
You are too injured to fight recklessly!
You are too injured to fight recklessly!
You are too injured to fight recklessly!
Fire: 31 arrows
Press: ? - help, Q - select action Shift-Dir - straight line, f/p - Terence
Aim: Terence, wielding a +0 flail and wearing a +0 scale mail (heavily wounded, 68% to hit)
You shoot an arrow. The arrow closely misses Terence.
The arrow hits the endoplasm.
The endoplasm is severely wounded.
Terence hits you with a +0 flail.
Fire: 30 arrows
Press: ? - help, Q - select action Shift-Dir - straight line, f/p - Terence
Aim: Terence, wielding a +0 flail and wearing a +0 scale mail (heavily wounded, 68% to hit)
You shoot an arrow. The arrow hits Terence.
Terence is almost dead.
Terence hits you with a +0 flail!
* * * LOW HITPOINT WARNING * * *
It was a potion of attraction.
You feel attractive to monsters. Terence hits you with a +0 flail!
You die...

###### ##### #....#
#...########
#....####..........##.
#......##.............
#######....##.@.........#
.....##..(....J@........#.
............#..r(.........
..........................
.
#####............##'####..
.
#...#..............((....#
#............######.#......
#........##...... .(.......
# #........##...... (.#
..... #


You could see Terence, an endoplasm and a quokka.

Vanquished Creatures
  An orc priest (D:2)
  An iguana (D:2)
  An adder (D:2)
  A worm (D:2)
  2 orcs (D:2)
  5 endoplasms
  2 giant cockroaches
  3 hobgoblins
  4 jackals (D:1)
  3 kobolds
  A quokka (D:1)
  2 ball pythons (D:1)
  4 bats (D:1)
  7 frilled lizards
  2 rats (D:1)
39 creatures vanquished.

Notes
Turn   | Place    | Note
-------+----------+-------------------------------------------
     0 | D:1      | acemry the Deep Elf Hunter began the quest for the Orb.
     0 | D:1      | Reached XP level 1. HP: 12/12 MP: 3/3
    97 | D:1      | Reached XP level 2. HP: 14/17 MP: 4/4
   259 | D:1      | Reached skill level 6 in Bows
   785 | D:2      | Reached XP level 3. HP: 20/21 MP: 5/5
  1148 | D:2      | Reached skill level 7 in Bows
  1151 | D:2      | Found a glowing silver altar of Zin.
  1173 | D:2      | Reached XP level 4. HP: 18/26 MP: 6/6
  1493 | D:2      | Noticed Terence
  1511 | D:2      | HP: 1/26 [Terence (7)]
  1512 | D:2      | Mangled by Terence

Illustrated notes

Levels and vault maps discovered:
D:1:      nicolae_arrival_memento_mori, layout_loops_ring
D:2:      layout_basic, basic_altar, amcnicky_mini_rare_corridor_liquid,
          minmay_lizard_pond, uniq_terence

Skill      XL: |  1  2  3 |
---------------+----------+-----
Bows           | 6 7 |  7.7
Fighting       | |  1.8
Armour         | |  0.6
Dodging        | |  2.4
Stealth        | |  1.2

Action                   |  1- 3 |  4- 6 || total
-------------------------+-------+-------++-------
 Fire: Shortbow          |    79 |    43 ||   122
  Use: Scroll            |     3 |       ||     3
       Potion            |       |     1 ||     1
Armor: Leather armour    |     7 |       ||     7
Dodge: Dodged            |    12 |     5 ||    17
